Zazza, neutral female human Tourist ---------- |........| |....<...| |........| |........| |.........# |........|# ----------# # # ##f # @ # #B###### ### #----- #-...| |...| |...| |...+ ----- Zazza the Rambler Experience level: 1 Strength: 17 Dexterity: 10 Constitution: 11 Intelligence: 13 Wisdom: 8 Charisma: 18 Health: 0(17) Energy: 2(2) Def: 0 Gold: 560 Moves: 3100 Dungeon seed: bHuZwFoaQzQSbuhc Game ID: Zazza_1619440039 Your Inventory: Coins $ - 560 gold pieces Amulets v - an uncursed amulet versus poison (being worn) Weapons a - 23 +2 darts (in quiver) u - a +0 dagger x - a +0 arrow F - a blessed +0 orcish dagger K - a +0 flail Z - a +0 orcish dagger (weapon in hand) Armor e - an uncursed +0 Hawaiian shirt (being worn) N - an uncursed +0 mummy wrapping Comestibles b - 5 uncursed food rations c - an uncursed egg g - an uncursed tripe ration z - 5 uncursed food rations J - an uncursed candy bar Q - an uncursed egg V - an uncursed tripe ration Scrolls j - 2 uncursed scrolls of magic mapping C - a blessed scroll of identify D - an uncursed scroll of remove curse Potions m - an uncursed potion of gain energy E - a blessed potion of gain energy I - a cursed potion of enlightenment S - 2 uncursed potions of confusion Rings W - an uncursed ring of stealth Y - a cursed ring of hunger Wands p - a wand of digging (0:5) q - a wand of polymorph (0:6) M - a wand of cold (0:4) Tools k - an expensive camera (0:51) l - an uncursed credit card s - an uncursed stethoscope t - an uncursed towel Gems n - an uncursed worthless piece of yellow glass r - 2 uncursed agate stones y - an uncursed jasper stone Spells and supernatural/magical abilities: Name Level Category Fail Memory W - pray for help -- divine ? -- Your skills at the end: Fighting Skills Weapon Skills dart [Basic] Spellcasting Skills Final Attributes: You were stridently aligned. You were poison resistant. You were telepathic. You were lucky. You are dead. Vanquished creatures: a kobold mummy a floating eye a homunculus a kobold lord a kobold shaman an iguana a hobbit a hobgoblin 3 yellow molds a gnome 4 geckos a jackal a kobold 3 goblins 2 sewer rats 7 grid bugs a lichen a kobold zombie a newt 33 creatures vanquished. Voluntary challenges: You had followed a strict vegetarian diet until turn 2055. You used a wielded weapon 7 times, starting on turn 3018. You read items or engraved 11 times, starting on turn 71. You never genocided any monsters. You never polymorphed an object. You never changed form. You used no wishes. You never split a pudding. You wrote Elbereth's name 8 times, starting on turn 76. You never violated your personal moral code. Dungeon overview: The Dungeons of Doom: levels 1 to 8 Level 1 a long staircase Level 2 a general store, a sink Level 3 stairs to The Gnomish Mines Level 4 some fountains Level 5 a fountain Level 6 Level 7 Level 8 <- You were here The Gnomish Mines: Level 4 stairs to The Dungeons of Doom History has recorded: On T:1 you entered the Dungeons of Doom to retrieve the Amulet of Yendor! On T:40 you reached level 2 of The Dungeons of Doom. On T:653 you reached level 3 of The Dungeons of Doom. On T:769 you reached level 4 of The Dungeons of Doom. On T:1742 you reached level 1 of The Gnomish Mines. On T:1921 you reached level 5 of The Dungeons of Doom. On T:2182 you reached level 6 of The Dungeons of Doom. On T:2912 you reached level 7 of The Dungeons of Doom. On T:3034 you reached level 8 of The Dungeons of Doom. Score breakdown: Gold: 249 ( 8156 points) Experience: 1 level ( 0 points) Exploration: 8 levels ( 16.33%) (11456 points) Discoveries: 8 items ( 2.68%) ( 4915 points) Valuables value: (no points given unless you survive) Artifact value: 0 ( 0 points) Variety of kills: 19 monsters ( 4.99%) ( 6699 points) Turncount: 3100 turns ( -648 points) Survival: died (score multiplied by 80%) Total score: 24462 Latest messages: The giant bat bites! (2x) You write in the dust with your fingers. The giant bat turns to flee! The giant bat bites! (2x) Never mind. You feel much better. The giant bat bites! (2x) You write in the dust with your fingers. The giant bat turns to flee! Something is written here in the dust. You read: "E?berc?n". You displace your kitten. The giant bat bites! (2x) You die... Final status: Aloha Zazza the Tourist, killed by a giant bat... You died in The Dungeons of Doom on dungeon level 8 with 24462 points, and 560 pieces of gold, after 3100 moves. You were level 1 with a maximum of 17 hit points when you died.